 Dungeon Crawl Stone Soup version 0.29-a0-1043-g569b05d6ff (webtiles) character file.

Game seed: 17025211343941049761

49 wingedge the Trooper (level 3, 0/29 HPs)
             Began as a Mummy Fighter on Aug 15, 2022.
             Slain by Crazy Yiuf
             ... wielding a +3 quarterstaff of chaos
              (8 damage)
             ... while paralysed by Crazy Yiuf
             ... on level 2 of the Dungeon.
             The game lasted 00:05:27 (1075 turns).

wingedge the Trooper (Mummy Fighter)                Turns: 1075, Time: 00:05:27

Health: 0/29       AC:  6    Str: 19    XL:     3   Next: 53%
Magic:  3/3        EV:  2    Int:  7    God:
Gold:   7          SH:  0    Dex: 13    Spells: 2/2 levels left

rFire   . . .      SeeInvis .   a - +0 war axe
rCold   + + .      Faith    .   c - +0 buckler
rNeg    + + +      Spirit   .   e - +0 scale mail
rPois   ∞          Reflect  .   (no helmet)
rElec   .          Harm     .   f - scarf {rC+ rF+}
rCorr   .          Rampage  .   (no gloves)
Will    .....                   (no boots)
Stlth   ..........              i - amulet of regeneration
HPRegen 0.89/turn               g - ring of flight
MPRegen 0.08/turn               (no ring)

@: paralysed, flying
A: cold resistance 1, negative energy resistance 3, torment resistance 2, heat
vulnerability 1, in touch with death 1, no potions
a: no special abilities


You were on level 2 of the Dungeon.
You visited 1 branch of the dungeon, and saw 2 of its levels.

You collected 57 gold pieces.
You spent 50 gold pieces at shops.

Inventory:

Hand Weapons
 a - a +0 war axe (weapon)
 b - a +0 sling
Missiles
 h - 4 atropa-tipped darts (quivered)
Armour
 c - a +0 buckler (worn)
 e - a +0 scale mail (worn)
 f - a scarf of resistance (worn)
Magical Staves
 d - a staff of conjuration
Jewellery
 g - a ring of flight (left hand)
 i - an amulet of regeneration (around neck)
Scrolls
 j - 2 scrolls of identify {unknown}
 k - a scroll of silence {unknown}
 l - a scroll of teleportation {unknown}
 m - a scroll of fear
 n - a scroll of noise
 o - a scroll of magic mapping {unknown}


   Skills:
 - Level 3.0 Fighting
 - Level 2.0 Axes
 - Level 3.0 Armour
 + Level 0.7 Dodging
 - Level 3.0 Shields


You had 2 spell levels left.
You didn't know any spells.
Your spell library contained the following spells:

 Spells                   Type           Power      Damage    Failure   Level
 Summon Hydra             Summ           0%         N/A       100%        7
 Sublimation of Blood     Necr           Unusable   N/A       N/A         2
 Wereblood                Tmut           Unusable   N/A       N/A         2

Dungeon Overview and Level Annotations

Branches:
Dungeon (2/15)

Altars:

Shops:
D:1 [   D:2 *

Annotations:
D:2 Crazy Yiuf


Innate Abilities, Weirdness & Mutations

You are immune to poison.
Your flesh is cold resistant. (rC+)
You are immune to negative energy. (rN+++)
You are immune to unholy pain and torment.
You are vulnerable to heat. (rF-)
You are in touch with the powers of death.
You do not drink.


Message History

You kill the rat!
There is a stone staircase leading up here.
A rat comes into view.
You closely miss the rat. The rat bites you but does no damage.
You closely miss the rat. The rat bites you but does no damage.
The rat barely misses you.
You slash the rat!
You kill the rat!
Found a stone staircase leading up.
Crazy Yiuf shouts!
Press: ? - help, v - describe, . - travel
Here: Crazy Yiuf, wielding a +3 quarterstaff of chaos and wearing a +0 cloak (fire blocked by a runed translucent door)
The floor.
Unknown command.
Unknown command.
You reach down and open the door.
You hit Crazy Yiuf but do no damage. You block Crazy Yiuf's attack. x2
Throw: 5 darts (atropa)
Press: ? - help, Shift-Dir - straight line, f - Crazy Yiuf
Aim: Crazy Yiuf, wielding a +3 quarterstaff of chaos and wearing a +0 cloak (61% to hit, chance to blind on hit: 75%)
You throw an atropa-tipped dart. The atropa-tipped dart hits Crazy Yiuf.
Crazy Yiuf appears confused.
Crazy Yiuf barely misses you.
Crazy Yiuf seems less confused.
Crazy Yiuf laughs, "Goober meccalolo chair!"
Crazy Yiuf barely misses you.
You hit Crazy Yiuf.
Crazy Yiuf is moderately wounded.
Crazy Yiuf hits you with a +3 quarterstaff of chaos.
You hit Crazy Yiuf.
Crazy Yiuf is moderately wounded.
Crazy Yiuf is no longer blind.
Crazy Yiuf hits you with a +3 quarterstaff of chaos!
Ouch! That really hurt!
You suddenly lose the ability to move!
Crazy Yiuf says, "Snower aubergine horse!"
Crazy Yiuf hits you with a +3 quarterstaff of chaos.
* * * LOW HITPOINT WARNING * * *
You convulse!
You die...

.......##...#............##.#....
...!...##...#...............#....
.......######.........#######.#.#
.......# ########### #####.#.#
#####.## #...(.#.# #.####♣♣♣♣♣
#.#####.# #..##.P.♣.♣♣♣ ### #.#
#.# ##....P..♣..♣#...# #.# #.#
#....P.♣♣♣♣@g...# #.# #.#
##.#..♣♣ ♣♣#..)# #.# #.# ####♣♣
### #.#####.# #.......# #########


You could see Crazy Yiuf.

Vanquished Creatures
  An adder (D:2)
  2 dart slugs
  6 endoplasms
  3 giant cockroaches (D:2)
  2 hobgoblins (D:2)
  5 jackals (D:2)
  2 kobolds
  A ball python (D:2)
  2 bats
  A frilled lizard (D:1)
  3 goblins
  5 rats
33 creatures vanquished.

Vanquished Creatures (others)
  6 withered plants (D:2)
6 creatures vanquished.

Grand Total: 39 creatures vanquished

Notes
Turn   | Place    | Note
-------+----------+-------------------------------------------
     0 | D:1      | wingedge the Mummy Fighter began the quest for the Orb.
     0 | D:1      | Reached XP level 1. HP: 18/18 MP: 1/1
   175 | D:1      | Reached XP level 2. HP: 24/24 MP: 2/2
   252 | D:1      | Found Kipsoi's Armour Shoppe.
   509 | D:2      | Found a runed translucent door.
   510 | D:2      | Noticed Crazy Yiuf
   579 | D:2      | Gained mutation: You are in touch with the powers of death.
                  | [Mummy growth]
   579 | D:2      | Reached XP level 3. HP: 29/29 MP: 3/3
   690 | D:2      | Found a faded altar of an unknown god.
   787 | D:2      | Found Gunogaor's General Store.
   798 | D:2      | Bought a scroll of fear for 40 gold pieces
   798 | D:2      | Bought a scroll of noise for 10 gold pieces
  1075 | D:2      | Paralysed by Crazy Yiuf for 3 turns
  1075 | D:2      | Slain by Crazy Yiuf

Illustrated notes

Levels and vault maps discovered:
D:1:      dpeg_arrival_ternary, layout_basic, serial_shops, shop
D:2:      layout_basic, serial_shops, shop, ebering_ecumenical_altar_petrified,
          st_stairs_8, uniq_crazy_yiuf_cottage

Skill      XL: |  1  2  3 |
---------------+----------+-----
Axes           | 2 |  2.0
Armour         | 3 |  3.0
Shields        | 3 |  3.0
Fighting       | |  3.0
Dodging        | |  0.7

Action                   || total
-------------------------++-------
Melee: War axe           ||    91
Throw: Dart              ||     2
Armor: Scale mail        ||    36
Dodge: Dodged            ||    40
Block: Buckler           ||    17

Table legend: (Time is in decaauts)
 A = Elapsed time spent in this place.
 B = Non-inter-level travel time spent in this place.
 C = Inter-level travel time spent in this place.
 D = Time resting spent in this place.
 E = Time spent auto-exploring this place.
 F = Levels seen in this place.
 G = Mean time per level.
                   A        B        C        D        E       F      G
               +--------+--------+--------+--------+--------+-----+--------+
         Total |   1113 |   1094 |     19 |      0 |    652 |   2 |  556.5 |
       Dungeon |   1113 |   1094 |     19 |      0 |    652 |   2 |  556.5 |
               +--------+--------+--------+--------+--------+-----+--------+

Top non-repeatable levels by time:
     D:2: 655 daAuts
     D:1: 458 daAuts
